 Dungeon Crawl Stone Soup version 0.21.1-1-g345015f (webtiles) character file.

2249 theElss the Thaumaturge (level 9, -7/47 HPs)
             Began as a Deep Elf Conjurer on Mar 4, 2018.
             Was a Follower of Vehumet.
             Mangled by Joseph
             ... wielding a +0 quarterstaff
              (19 damage)
             ... on level 7 of the Dungeon.
             The game lasted 00:40:04 (7607 turns).

theElss the Thaumaturge (Deep Elf Conjurer)         Turns: 7607, Time: 00:40:04

Health: -7/47      AC:  8    Str:  5    XL:     9   Next: 15%
Magic:  22/26      EV: 14    Int: 24    God:    Vehumet [*.....]
Gold:   70         SH:  0    Dex: 15    Spells: 18/30 levels left

rFire    . . .     SeeInvis .   k - +0 short sword
rCold    . . .     Gourm    .   (no shield)
rNeg     + . .     Faith    .   p - +2 robe {MR+}
rPois    +         Spirit   .   e - +0 helmet
rElec    .         Reflect  .   y - +1 cloak {MR+}
rCorr    .         Harm     .   A - +0 pair of gloves
MR       ++...                  (no boots)
Stlth    +++.......             F - amulet of magic regeneration
HPRegen  0.15/turn              s - ring of positive energy
MPRegen  0.45/turn              M - ring of poison resistance

@: no status effects
A: no striking features
a: Renounce Religion


You were on level 7 of the Dungeon.
You worshipped Vehumet.
Vehumet was aware of your devotion.
You were not hungry.

You visited 1 branch of the dungeon, and saw 7 of its levels.

You collected 301 gold pieces.
You spent 231 gold pieces at shops.

Inventory:

Hand Weapons
 h - a +0 hunting sling
 k - a +0 short sword (weapon)
Missiles
 l - 232 stones (quivered)
Armour
 e - a +0 helmet (worn)
 p - a +2 robe of magic resistance (worn)
 y - a +1 cloak of magic resistance (worn)
 A - a +0 pair of gloves (worn)
Jewellery
 o - an uncursed amulet of harm
 s - a ring of positive energy (left hand)
 F - an amulet of magic regeneration (around neck)
 M - a ring of poison resistance (right hand)
Wands
 t - a wand of digging (9)
 u - a wand of flame (39)
Scrolls
 d - 9 scrolls of remove curse
 f - a scroll of enchant weapon
 i - 3 scrolls of identify
 j - 2 scrolls of enchant armour
 m - 7 scrolls of teleportation
 x - a scroll of fog
 E - a scroll of amnesia
 K - a scroll of blinking
 L - a scroll of fear
 N - a scroll of immolation
 O - a scroll of acquirement
Potions
 g - 6 potions of curing
 n - a potion of magic {unknown}
 r - a potion of resistance {unknown}
 v - 2 potions of agility
 w - a potion of ambrosia {unknown}
 z - 3 potions of heal wounds
 C - a potion of haste {unknown}
 D - a potion of berserk rage {unknown}
 G - 2 potions of lignification {unknown}
 H - 2 potions of flight {unknown}
 I - a potion of invisibility {unknown}
Books
 a - a book of Cantrips

   Spells                             Type                      Level
   a - Confusing Touch                Hexes                        1
   b - Animate Skeleton               Necromancy                   1
   c - Summon Small Mammal            Summoning                    1
   d - Apportation                    Translocation                1
 b - a book of Conjurations

   Spells                             Type                      Level
   a - Magic Dart                     Conjuration                  1
   b - Searing Ray                    Conjuration                  2
   c - Dazzling Spray                 Conjuration/Hexes            3
   d - Fulminant Prism                Conjuration/Hexes            4
   e - Force Lance                    Conjuration/Translocation    4
   f - Iskenderun's Mystic Blast      Conjuration                  4
Comestibles
 c - 8 rations
 q - a chunk of flesh


   Skills:
 + Level 1.0 Fighting
 + Level 4.1 Dodging
 + Level 4.6 Stealth
 + Level 11.0 Spellcasting
 + Level 9.6 Conjurations


You had 18 spell levels left.
You knew the following spells:

 Your Spells              Type           Power        Failure   Level  Hunger
a - Magic Dart            Conj           ####         1%          1    None
b - Iskenderun's Mystic   Conj           ######..     1%          4    None
c - Searing Ray           Conj           ######       1%          2    None
d - Force Lance           Conj/Tloc      #####...     6%          4    None
e - Flame Tongue          Conj/Fire      #####        1%          1    None


Dungeon Overview and Level Annotations

Branches:
Dungeon (7/15)             Temple (0/1) D:6

Altars:
Ashenzari
Gozag
Kikubaaqudgha
Nemelex Xobeh
Trog
Uskayaw
Vehumet

Shops:
D:4 }(?([   D:7 (

Annotations:
D:7 Joseph


Message History

Joseph shoots a sling bullet.
The sling bullet hits you.
You see here a sling bullet.
Casting: Magic Dart
Confirm with . or Enter, or press ? or * to list all spells.
You can't see any susceptible monsters within range! (Use Z to cast anyway.) Joseph shoots a sling bullet.
The sling bullet hits you!
Joseph unwields an uncursed hunting sling.
Joseph wields an uncursed quarterstaff.
Joseph hits you with an uncursed quarterstaff!
* * * LOW HITPOINT WARNING * * *
You see here a sling bullet.
Casting: Magic Dart
Confirm with . or Enter, or press ? or * to list all spells.
Aiming: Force Lance
Press: ? - help, Shift-Dir - straight line, f - Joseph
Aim: Joseph, wielding a quarterstaff and wearing a ring mail The lance of force hits Joseph.
Joseph is heavily wounded.
Joseph hits you with an uncursed quarterstaff!!
You die...

#### #..... ... ###..#
#..... #.##...##.# #....
#.#.8.8.#.# #....
#.#.._..#.# ###....
#.#...8.#.# .......##
+#.#'...##.##
.......@#####...#####....
.......(@..(..⌠..........
........#####...#####....
.......## +#.#'...##.##
.....#. #.#...8.###
.....## #.#.._..# ....
#.#.8.8.#### ...
##.##...##... ...
#...#####....
##.###.......


You could see Joseph.

Vanquished Creatures
  The ghost of bmj180 the Cutter, a novice HaBe of Trog (D:5)
  Edmund (D:5)
  4 sky beasts
  An ice beast (D:5)
  A phantom (D:5)
  2 eyes of draining (D:5)
  2 bullfrogs
  A scorpion (D:7)
  4 killer bees (D:7)
  3 howler monkeys (D:7)
  A crimson imp (D:6)
  A bullfrog zombie (D:5)
  A quasit (D:4)
  Crazy Yiuf (D:2)
  A centaur skeleton (D:4)
  Jessica (D:2)
  3 worker ants
  Terence (D:2)
  3 orc wizards
  A hound skeleton (D:4)
  A worker ant zombie (D:5)
  Robin (D:3)
  9 adders
  5 gnolls
  2 oozes
  An adder zombie (D:7)
  An adder skeleton (D:4)
  A worm (D:3)
  3 dart slugs
  5 leopard geckos
  15 orcs
  5 giant cockroaches
  25 goblins
  12 hobgoblins
  9 jackals
  5 quokkas
  10 bats
  7 frilled lizards
  A jackal zombie (D:4)
  7 kobolds
  7 rats
166 creatures vanquished.

Vanquished Creatures (others)
  A human (D:5)
1 creature vanquished.

Grand Total: 167 creatures vanquished

Notes
Turn   | Place    | Note
-------+----------+-------------------------------------------
     0 | D:1      | theElss the Deep Elf Conjurer began the quest for the Orb.
     0 | D:1      | Reached XP level 1. HP: 10/10 MP: 6/6
   200 | D:1      | Reached XP level 2. HP: 15/15 MP: 2/8
   267 | D:1      | Learned a level 2 spell: Searing Ray
   463 | D:1      | Reached skill level 5 in Conjurations
   739 | D:1      | Reached XP level 3. HP: 19/19 MP: 7/9
  1024 | D:2      | Noticed Jessica
  1219 | D:2      | Killed Jessica
  1219 | D:2      | Reached skill level 4 in Spellcasting
  1219 | D:2      | Reached XP level 4. HP: 22/24 MP: 2/12
  1562 | D:2      | Reached XP level 5. HP: 17/28 MP: 0/14
  1793 | D:2      | Found a runed door.
  1797 | D:2      | Noticed Crazy Yiuf
  1802 | D:2      | Killed Crazy Yiuf
  1889 | D:2      | Learned a level 4 spell: Iskenderun's Mystic Blast
  1899 | D:2      | Reached skill level 5 in Spellcasting
  2249 | D:2      | Noticed Terence
  2305 | D:2      | Killed Terence
  2788 | D:3      | Reached XP level 6. HP: 32/32 MP: 8/16
  2843 | D:3      | Learned a level 4 spell: Force Lance
  2860 | D:3      | Found a sparkling altar of Nemelex Xobeh.
  3455 | D:3      | Noticed Robin
  3571 | D:3      | Killed Robin
  3737 | D:4      | Found Agedgh's Magic Scroll Shoppe.
  3786 | D:4      | Bought a scroll of remove curse for 42 gold pieces
  3786 | D:4      | Bought a scroll of random uselessness for 14 gold pieces
  3786 | D:4      | Bought a scroll of identify for 28 gold pieces
  3832 | D:4      | Found Saim's Antique Weapon Shop.
  3876 | D:4      | Found Asothry's Antique Weapon Shoppe.
  3883 | D:4      | Found Looraopp's Armour Boutique.
  3914 | D:4      | Found a shattered altar of Ashenzari.
  3920 | D:4      | Reached skill level 6 in Spellcasting
  4117 | D:4      | Found Siypeann's Gadget Shoppe.
  4321 | D:5      | Entered Level 5 of the Dungeon
  4335 | D:5      | Noticed Edmund
  4350 | D:5      | Killed Edmund
  4350 | D:5      | Reached skill level 7 in Spellcasting
  4350 | D:5      | Reached XP level 7. HP: 19/36 MP: 0/19
  4713 | D:5      | Found a bloodstained altar of Trog.
  4714 | D:5      | Noticed bmj180's ghost (novice HaBe)
  4940 | D:5      | Killed bmj180's ghost
  4940 | D:5      | Reached skill level 8 in Spellcasting
  5011 | D:5      | Found a radiant altar of Vehumet.
  5026 | D:5      | Became a worshipper of Vehumet
  5067 | D:5      | Reached XP level 8. HP: 7/42 MP: 15/22
  5072 | D:5      | HP: 1/42 [something (5)]
  5538 | D:5      | Reached skill level 9 in Spellcasting
  5968 | D:5      | Found an ancient bone altar of Kikubaaqudgha.
  6055 | D:4      | Bought a scroll of teleportation for 42 gold pieces
  6186 | D:6      | Found a staircase to the Ecumenical Temple.
  6305 | D:6      | Reached skill level 10 in Spellcasting
  6850 | D:4      | Bought a scroll of enchant armour for 105 gold pieces
  6857 | D:4      | Identified a scroll of acquirement
  6948 | D:7      | Found Qikhagu's Antique Weapon Emporium.
  7087 | D:7      | Reached * piety under Vehumet
  7087 | D:7      | Offered knowledge of Flame Tongue by Vehumet.
  7090 | D:7      | Learned a level 1 spell: Flame Tongue
  7127 | D:7      | Reached XP level 9. HP: 42/46 MP: 21/25
  7163 | D:7      | Reached skill level 1 in Fighting
  7223 | D:7      | Reached skill level 11 in Spellcasting
  7583 | D:7      | Found an opulent altar of Gozag.
  7586 | D:7      | Found a hide-covered altar of Uskayaw.
  7595 | D:7      | Noticed Joseph
  7607 | D:7      | Mangled by Joseph

Skill      XL: |  1  2  3  4  5  6  7  8  9 |
---------------+----------------------------+-----
Conjurations   | 5 6 7 8 9 |  9.6
Spellcasting   | 4 5 7 8 10 11 | 11.0
Stealth        | 3 4 |  4.6
Dodging        | 3 4 |  4.1
Fighting       | 1 |  1.0

Action                   |  1- 3 |  4- 6 |  7- 9 || total
-------------------------+-------+-------+-------++-------
Melee: Short sword       |     4 |     2 |       ||     6
 Cast: Magic Dart        |    72 |   145 |    99 ||   316
       Searing Ray       |     2 |    18 |    26 ||    46
       Iskenderun's Myst |       |     2 |     5 ||     7
       Force Lance       |       |     5 |    11 ||    16
  Use: Scroll            |       |       |    12 ||    12
  Eat: Chunk             |     1 |    10 |     8 ||    19
       Ration            |       |       |     1 ||     1
Armor: Robe              |     3 |     5 |    18 ||    26
Dodge: Dodged            |    10 |    20 |    35 ||    65
